 Dungeon Crawl Stone Soup version 0.23.0 (webtiles) character file.

Game seed: 3934312834152110935

9437 inmateoo the Carver (level 11, -3/56 HPs)
             Began as a Vine Stalker Skald on Feb 10, 2019.
             Was a High Priest of Okawaru.
             Shot with an arrow by a centaur (5 damage)
             ... on level 11 of the Dungeon.
             The game lasted 00:12:33 (8463 turns).

inmateoo the Carver (Vine Stalker Skald)            Turns: 8463, Time: 00:12:34

Health: -3/56      AC: 20    Str: 14    XL:     11   Next: 46%
Magic:  0/20       EV: 23    Int: 13    God:    Okawaru [*****.]
Gold:   504        SH:  0    Dex: 22    Spells: 9/20 levels left

rFire    . . .     SeeInvis .   a - +1 falchion
rCold    . . .     Gourm    .   (no shield)
rNeg     . . .     Faith    .   w - +3 chain mail {rPois}
rPois    +         Spirit   +   j - +2 helmet
rElec    .         Reflect  .   H - +2 cloak {rPois}
rCorr    .         Harm     .   (no gloves)
MR       +....                  (no boots)
Stlth    +.........             (no amulet)
HPRegen  0.58/turn              k - +2 ring of evasion
MPRegen  0.17/turn              h - +3 ring of evasion

@: agile, heroism
A: fangs 3, regeneration 1, magic shield, antimagic bite, no potion heal 3, rot
immunity
a: Heroism, Finesse, Renounce Religion


You were on level 11 of the Dungeon.
You worshipped Okawaru.
Okawaru was extremely pleased with you.
You were near starving.

You visited 2 branches of the dungeon, and saw 12 of its levels.

You collected 624 gold pieces.
You spent 120 gold pieces at shops.

Inventory:

Hand Weapons
 a - a +1 falchion (weapon)
Armour
 j - a +2 helmet (worn)
 w - a +3 chain mail of poison resistance (worn)
 B - a +0 large shield
 H - a +2 cloak of poison resistance (worn)
Jewellery
 b - an uncursed ring of protection from fire {unknown}
 e - an uncursed ring of protection from magic
 h - a +3 ring of evasion (right hand)
 k - a +2 ring of evasion (left hand)
 r - an uncursed ring of protection from cold {unknown}
 x - an uncursed ring of wizardry {unknown}
 J - an uncursed ring of flight {unknown}
Wands
 p - a wand of iceblast (20)
 s - a wand of flame (33)
 u - a wand of acid (4)
 y - a wand of scattershot (7)
 E - a wand of disintegration (12)
Scrolls
 f - 2 scrolls of amnesia
 q - 7 scrolls of remove curse
 v - 7 scrolls of teleportation
 C - 3 scrolls of fog
 F - a scroll of enchant armour
 G - a scroll of immolation
Potions
 c - 2 potions of resistance
 g - 2 potions of agility
 i - 3 potions of flight
 l - 11 potions of curing
 m - 2 potions of lignification
 n - 2 potions of haste
 o - a potion of brilliance
 t - 2 potions of might
 z - 2 potions of heal wounds {unknown}
 A - a potion of ambrosia {unknown}
 D - 2 potions of magic {unknown}
 K - a potion of mutation
Comestibles
 d - 25 rations


   Skills:
 - Level 6.0(11.0) Fighting
 + Level 9.7(14.7) Long Blades
 + Level 2.9(7.9) Armour
 - Level 5.3(10.3) Dodging
 + Level 5.4 Spellcasting
 * Level 7.1 Charms
 - Level 7.0 Invocations


You had 9 spell levels left.
You knew the following spells:

 Your Spells              Type           Power        Failure   Level  Hunger
a - Infusion              Chrm           ###.         16%         1    None
b - Song of Slaying       Chrm           ###.....     24%         2    ##.....
c - Shroud of Golubria    Chrm/Tloc      ##........   71%         2    ##.....
d - Regeneration          Chrm/Necr      ##........   90%         3    ###....
e - Spectral Weapon       Hex/Chrm       ##......     90%         3    ###....

Your spell library contained the following spells:

 Spells                   Type           Power        Failure   Level  Hunger
 Animate Skeleton         Necr           N/A          96%         1    None
 Pain                     Necr           #...         96%         1    None
 Summon Small Mammal      Summ           #...         96%         1    None
 Call Imp                 Summ           #.......     99%         2    ##.....
 Call Canine Familiar     Summ           #.......     100%        3    ###....
 Summon Guardian Golem    Hex/Summ       #.......     100%        3    ###....
 Vampiric Draining        Necr           #.........   100%        3    ###....
 Animate Dead             Necr           N/A          100%        4    ####...
 Summon Ice Beast         Ice/Summ       #.......     100%        4    ####...
 Summon Lightning Spire   Summ/Air       #.......     100%        4    ####...


Dungeon Overview and Level Annotations

Branches:
Dungeon (11/15)            Temple (1/1) D:5             Orc (0/2) D:9
   Lair: D:8-11

Altars:
Cheibriados
Dithmenos
Fedhas
Gozag
Hepliaklqana
Kikubaaqudgha
Nemelex Xobeh
Okawaru
Qazlal
Ru
Sif Muna
Trog
Vehumet
Xom
Yredelemnul
Zin

Shops:
D:10 !

Annotations:
D:3 grindst0ne's ghost, amateur TrMo


Innate Abilities, Weirdness & Mutations

You have razor-sharp teeth.
Your natural rate of healing is unusually fast.
When hurt, damage is shared between your health and your magic reserves.
Your bite disrupts and absorbs the magic of your enemies.
Potions cannot restore your health.
You are immune to rotting.


Message History

Unknown command.
Unknown command.
You hit the centaur warrior but do no damage.
You bite the centaur warrior. You drain its power.
You feel invigorated.
The centaur warrior is lightly wounded.
A centaur comes into view. x2
The centaur warrior hits you but does no damage.
The centaur wields a +0 shortbow.
The centaur shoots an arrow.
The arrow hits you.
* * * LOW HITPOINT WARNING * * *
The centaur shoots an arrow.
The arrow hits you.
* * * LOW HITPOINT WARNING * * *
The arrow freezes you.
Unknown command.
Unknown command.
As you read the scroll of fog, it crumbles to dust.
The scroll dissolves into smoke.
The centaur shoots an arrow.
The arrow misses you. The centaur warrior barely misses you.
The centaur shoots an arrow.
The arrow hits you.
You die...

###### ### ###.#..<<###..
###..#.#)##<#.# # ##
...#.#.#.#)...##. ##..#
...........†...#.##.#..#
...............##.#.....
......§§§§((............
.......c§§...†)..........
.......§@§§(.............
...c.c.§§§(..............
......F.(§.........).....
...c.c..(.(..............
..c......(........(......
..c.......(..............
.........((..............
.........†...............
.......###...............


You could see a centaur warrior, a bullfrog and 6 centaurs.

Vanquished Creatures
  Harold (D:9)
  A two-headed ogre (D:10)
  2 cyclopes (D:11)
  An ugly thing (D:11)
  A centaur skeleton (D:11)
  A hornet (D:10)
  A hippogriff (D:7)
  Sigmund (D:4)
  A vampire (D:9)
  6 yaks (D:10)
  A wyvern (D:11)
  Edmund (D:4)
  A hungry ghost (D:11)
  A water moccasin (D:8)
  A porcupine (D:11)
  3 ice beasts
  2 orc warriors
  2 black bears
  2 sky beasts
  2 phantoms
  4 ogres
  A necrophage (D:10)
  8 centaurs
  A crocodile (D:10)
  Blork the orc (D:4)
  3 big kobolds
  5 bullfrogs
  A scorpion (D:7)
  4 wights (D:11)
  2 howler monkeys
  A crimson imp (D:9)
  2 jellies
  2 bullfrog zombies (D:10)
  A quasit (D:10)
  3 orc priests
  A centaur zombie (D:10)
  5 hounds
  Ijyb (D:4)
  2 iguanas
  12 orc wizards
  2 bullfrog skeletons
  5 worker ants
  A killer bee zombie (D:6)
  A hound zombie (D:9)
  A howler monkey zombie (D:9)
  6 gnolls
  14 adders
  A howler monkey skeleton (D:7)
  2 shadow imps (D:9)
  An ooze (D:1)
  2 adder zombies
  3 dart slugs
  A worm (D:2)
  5 leopard geckos
  41 orcs
  4 bats
  4 giant cockroaches
  11 hobgoblins
  11 jackals
  24 kobolds
  2 quokkas
  2 ball pythons
  8 frilled lizards
  6 goblins
  A leopard gecko skeleton (D:6)
  13 rats
264 creatures vanquished.

Vanquished Creatures (others)
  An orc wizard (D:11)
  21 fungi (D:11)
  6 plants (D:11)
28 creatures vanquished.

Grand Total: 292 creatures vanquished

Notes
Turn   | Place    | Note
-------+----------+-------------------------------------------
     0 | D:1      | inmateoo the Vine Stalker Skald began the quest for the
                  | Orb.
     0 | D:1      | Reached XP level 1. HP: 11/11 MP: 4/4
    19 | D:1      | Reached skill level 2 in Long Blades
   107 | D:1      | Reached XP level 2. HP: 6/15 MP: 4/6
   336 | D:1      | Reached skill level 3 in Long Blades
   380 | D:1      | Reached XP level 3. HP: 8/18 MP: 7/7
  1152 | D:2      | Gained mutation: Your natural rate of healing is unusually
                  | fast. [Vine Stalker growth]
  1152 | D:2      | Reached XP level 4. HP: 20/23 MP: 6/8
  1269 | D:2      | Learned a level 2 spell: Song of Slaying
  1272 | D:2      | Learned a level 2 spell: Shroud of Golubria
  1321 | D:2      | Found a sacrificial altar of Ru.
  1410 | D:2      | Reached skill level 4 in Long Blades
  1738 | D:3      | Reached XP level 5. HP: 21/26 MP: 6/9
  1826 | D:3      | Found a glowing silver altar of Zin.
  1895 | D:3      | Found a bloodstained altar of Trog.
  2019 | D:3      | Reached skill level 5 in Long Blades
  2036 | D:3      | Found a runed translucent gate.
  2036 | D:3      | Found a runed translucent gate.
  2036 | D:3      | Found a runed translucent gate.
  2037 | D:3      | Noticed grindst0ne's ghost (amateur TrMo)
  2166 | D:3      | Found a sparkling altar of Nemelex Xobeh.
  2538 | D:4      | Noticed Sigmund
  2560 | D:4      | Killed Sigmund
  2560 | D:4      | Reached skill level 6 in Long Blades
  2560 | D:4      | Reached XP level 6. HP: 19/30 MP: 5/10
  2742 | D:4      | Found an iron altar of Okawaru.
  2757 | D:4      | Noticed Edmund
  2778 | D:4      | Killed Edmund
  2778 | D:4      | Reached XP level 7. HP: 18/35 MP: 7/11
  2795 | D:4      | Became a worshipper of Warmaster Okawaru
  2934 | D:4      | Noticed Blork the orc
  2943 | D:4      | Killed Blork the orc
  3322 | D:5      | Entered Level 5 of the Dungeon
  3426 | D:5      | Found a staircase to the Ecumenical Temple.
  3478 | D:5      | Reached * piety under Okawaru
  3640 | D:5      | Noticed Ijyb
  3672 | D:4      | Killed Ijyb
  3672 | D:4      | Gained mutation: You have razor-sharp teeth. [Vine Stalker
                  | growth]
  3672 | D:4      | Reached XP level 8. HP: 36/39 MP: 11/13
  3930 | Temple   | Entered the Ecumenical Temple
  3964 | D:5      | Found a blossoming altar of Fedhas.
  4294 | D:6      | Reached ** piety under Okawaru
  4369 | D:6      | Reached skill level 1 in Invocations
  4402 | D:6      | Reached skill level 7 in Long Blades
  4548 | D:6      | Reached skill level 5 in Charms
  4548 | D:6      | Reached XP level 9. HP: 45/45 MP: 16/16
  4824 | D:6      | Reached *** piety under Okawaru
  5526 | D:7      | Found a snail-covered altar of Cheibriados.
  5661 | D:7      | Found an ancient bone altar of Kikubaaqudgha.
  6269 | D:8      | Reached skill level 5 in Fighting
  6307 | D:8      | Reached **** piety under Okawaru
  6414 | D:8      | Found a stormy altar of Qazlal.
  6666 | D:8      | Reached skill level 8 in Long Blades
  6760 | D:8      | Reached XP level 10. HP: 47/51 MP: 14/17
  6812 | D:9      | Noticed Harold
  6836 | D:9      | Killed Harold
  6836 | D:9      | Reached ***** piety under Okawaru
  6836 | D:9      | Reached skill level 5 in Dodging
  6836 | D:9      | Reached skill level 5 in Invocations
  7056 | D:9      | Found a staircase to the Orcish Mines.
  7369 | D:10     | Entered Level 10 of the Dungeon
  7477 | D:10     | Received a gift from Okawaru
  7494 | D:10     | Noticed a two-headed ogre
  7506 | D:10     | Killed a two-headed ogre
  7506 | D:10     | Reached skill level 9 in Long Blades
  7650 | D:10     | Found Itai's Distillery.
  7662 | D:10     | Bought a potion of curing for 30 gold pieces
  7662 | D:10     | Bought a potion of mutation for 80 gold pieces
  7662 | D:10     | Bought a potion of degeneration for 10 gold pieces
  7708 | D:10     | Learned a level 3 spell: Regeneration
  7712 | D:10     | Learned a level 3 spell: Spectral Weapon
  7739 | D:10     | Reached skill level 1 in Armour
  7810 | D:10     | Reached XP level 11. HP: 16/56 MP: 7/18
  8182 | D:11     | Noticed a cyclops
  8186 | D:11     | Noticed a purple ugly thing
  8209 | D:11     | Killed a purple ugly thing
  8219 | D:11     | Killed a cyclops
  8219 | D:11     | Reached skill level 5 in Spellcasting
  8229 | D:11     | Noticed a cyclops
  8264 | D:11     | Killed a cyclops
  8453 | D:11     | Noticed a centaur warrior
  8462 | D:11     | HP: 1/56 [centaur/arrow (2)]
  8463 | D:11     | Shot with an arrow by a centaur

Skill      XL: |  1  2  3  4  5  6  7  8  9 10 11 |
---------------+----------------------------------+-----
Long Blades    | 2 3 4 6 7 8 9 |  9.7
Fighting       | 2 3 5 6 |  6.0
Dodging        | 2 3 4 5 |  5.3
Spellcasting   | 3 4 5 |  5.4
Charms         | 5 7 |  7.1
Invocations    | 2 4 7 |  7.0
Armour         | 1 2 |  2.9

Action                   |  1- 3 |  4- 6 |  7- 9 | 10-12 || total
-------------------------+-------+-------+-------+-------++-------
Melee: Falchion          |   101 |   182 |   477 |   410 ||  1170
       Bite              |    26 |    56 |   203 |   171 ||   456
       Unarmed           |       |       |       |     7 ||     7
       Punch             |       |       |       |     2 ||     2
 Cast: Infusion          |       |       |       |     1 ||     1
Invok: Heroism           |       |       |       |     5 ||     5
Evoke: Wand              |       |       |     1 |     6 ||     7
  Use: Scroll            |     2 |     4 |    10 |     2 ||    18
       Potion            |       |       |       |     2 ||     2
  Eat: Chunk             |       |     6 |    14 |     5 ||    25
       Ration            |       |       |       |     1 ||     1
Armor: Leather armour    |     6 |       |       |       ||     6
       Ring mail         |    27 |    51 |     7 |       ||    85
       Chain mail        |       |       |   226 |   170 ||   396
       Skin              |       |       |       |    23 ||    23
Dodge: Dodged            |    62 |   133 |   307 |   274 ||   776
       Rpst.: Falchion   |    27 |    38 |    80 |    89 ||   234
